 Dungeon Crawl Stone Soup version 0.26.0-91-g99b343417d (webtiles) character file.

Game seed: 14507688362915480532

102 Gadfly the Sneak (level 4, -5/24 HPs)
             Began as a Vampire Enchanter on Feb 4, 2021.
             Slain by Sigmund
             ... wielding a +0 scythe
              (15 damage)
             ... on level 3 of the Dungeon.
             The game lasted 00:04:04 (2754 turns).

Gadfly the Sneak (Vampire Enchanter)                Turns: 2754, Time: 00:04:05

Health: -5/24      AC:  3    Str:  7    XL:     4   Next: 49%
Magic:  2/7        EV: 13    Int: 17    God:
Gold:   86         SH:  0    Dex: 15    Spells: 1/7 levels left

rFire    . . .     SeeInvis +   a - +2 dagger
rCold    + + .     Faith    .   (no shield)
rNeg     + + +     Spirit   .   b - +1 robe
rPois    ∞         Reflect  .   (no helmet)
rElec    .         Harm     .   (no cloak)
rCorr    .         Rampage  .   (no gloves)
Will     .....                  (no boots)
Stlth    +++++.....             (no amulet)
HPRegen  0.00/turn              (no ring)
MPRegen  0.10/turn              (no ring)

@: confusing touch, bloodless
A: fangs 3, see invisible, unbreathing
a: Bat Form, Revivify


You were on level 3 of the Dungeon.
You visited 1 branch of the dungeon, and saw 3 of its levels.

You collected 86 gold pieces.

Inventory:

Hand Weapons
 a - a +2 dagger (weapon)
Armour
 b - a +1 robe (worn)
Scrolls
 c - 2 scrolls of enchant armour
 e - 2 scrolls of identify
 f - a scroll of teleportation {unknown}
 h - 2 scrolls of magic mapping {unknown}
Potions
 d - 2 potions of haste {unknown}
 g - a potion of heal wounds {unknown}


   Skills:
 + Level 0.9 Fighting
 + Level 1.8 Short Blades
 * Level 2.8 Dodging
 * Level 5.3 Stealth
 * Level 2.3 Spellcasting
 + Level 4.8 Hexes
 * Level 1.4 Evocations


You had one spell level left.
You knew the following spells:

 Your Spells              Type           Power        Failure   Level
a - Corona                Hex            20%          2%          1
b - Ensorcelled Hibernat  Hex/Ice        20%          11%         2
c - Confusing Touch       Hex            18%          8%          3

Your spell library contained the following spells:

 Spells                   Type           Power        Failure   Level
 Tukima's Dance           Hex            18%          8%          3
 Dazzling Flash           Conj/Hex       20%          21%         3


Dungeon Overview and Level Annotations

Branches:
Dungeon (3/15)

Altars:

Annotations:
D:3 Sigmund


Innate Abilities, Weirdness & Mutations

You do not regenerate when monsters are visible.
You are frail without blood (-20% HP).
You can heal yourself when you bite living creatures.
You are immune to poison.
You have razor-sharp teeth.
You have supernaturally acute eyesight. (SInv)
You can survive without breathing.


Message History

Sigmund flickers and vanishes for a moment.
Casting: Ensorcelled Hibernation (safe; 11% risk of failure)
Confirm with . or Enter, or press ? or * to list all spells.
The spell is quite dangerous to cast (8% risk of failure)!
Continue anyway?
Your hands begin to glow red.
Sigmund gestures at you while chanting. You resist with some effort.
You closely miss Sigmund. You bite Sigmund, but do no damage.
Sigmund is almost dead.
Sigmund closely misses you.
You hit Sigmund but do no damage.
Sigmund is almost dead.
Sigmund gestures at you while chanting. The puff of flame hits you!
You hit Sigmund but do no damage.
Sigmund is almost dead.
Sigmund's eyes start glowing with a red light.
Sigmund hits you with a +0 scythe!
Ouch! That really hurt!
You die...

....######.............## ##....
.<.........####.######## ##..###
........### #..# #..##
........########.#### #####.#####
##)..........[))†...###.....##...
#...##############.(....###.....#
.......... #.#...###..###.#
#..######. ######.#.#.....####.#
#..# #..@@....####.......† ..##
#....#####..............
..########..#.......#.####.###...
.......... ...######.# #.# #...
...###### #.. ### #### #.#......
##.# ....##### .# ).### .< ...##
.#


You could see Sigmund (invisible).

Vanquished Creatures
  3 adders (D:2)
  2 oozes (D:2)
  2 worms (D:2)
  4 leopard geckos
  4 orcs (D:3)
  6 bats
  A giant cockroach (D:3)
  5 goblins
  3 hobgoblins
  7 kobolds
  2 quokkas (D:2)
  2 ball pythons (D:2)
  3 frilled lizards
  11 rats
55 creatures vanquished.

Notes
Turn   | Place    | Note
-------+----------+-------------------------------------------
     0 | D:1      | Gadfly the Vampire Enchanter began the quest for the Orb.
     0 | D:1      | Reached XP level 1. HP: 13/13 MP: 3/3
   363 | D:1      | Reached XP level 2. HP: 8/15 MP: 3/5
   382 | D:1      | Learned a level 2 spell: Ensorcelled Hibernation
  1048 | D:2      | Reached XP level 3. HP: 20/20 MP: 6/6
  1080 | D:2      | Reached skill level 1 in Evocations
  1338 | D:2      | Reached skill level 5 in Stealth
  1667 | D:2      | Learned a level 3 spell: Confusing Touch
  1701 | D:2      | Reached XP level 4. HP: 24/24 MP: 7/7
  2742 | D:3      | Noticed Sigmund
  2754 | D:3      | Slain by Sigmund

Illustrated notes

Levels and vault maps discovered:
D:1:      lightli_arrival_windingriver, layout_basic
D:2:      layout_basic
D:3:      minmay_bubble_buster, layout_rooms, lemuel_coloured_pillars_altar,
          uniq_grinder, uniq_sigmund

Skill      XL: |  1  2  3 |
---------------+----------+-----
Evocations     | 1 |  1.4
Stealth        | 5 |  5.3
Fighting       | |  0.9
Short Blades   | |  1.8
Dodging        | |  2.8
Spellcasting   | |  2.3
Hexes          | |  4.8

Action                   |  1- 3 |  4- 6 || total
-------------------------+-------+-------++-------
Melee: Dagger            |    70 |    53 ||   123
       Bite              |     4 |     5 ||     9
 Cast: Corona            |     2 |       ||     2
       Ensorcelled Hiber |    10 |    11 ||    21
       Confusing Touch   |       |     1 ||     1
 Abil: Exsanguinate      |     1 |       ||     1
  Use: Scroll            |     5 |     2 ||     7
 Stab: Sleeping          |    24 |    12 ||    36
Armor: Robe              |    10 |     4 ||    14
Dodge: Dodged            |    38 |    36 ||    74
